AoeStats
← Dragon

Arena

504567140Analyzed
1v1 RM · 26d ago on Sep 5, 2026· 30m 1s· 2 players
Game mode
Random Map
Map size
Tiny (2 player)
Population
200
Speed
Normal
Resources
Standard
Victory
Conquest
Starting age
Dark Age
Ending age
Imperial Age
RankedLock teamsTeams togetherTeam positionsShared explorationLock speedFull tech treeHidden civsTurbo modeCheats
Victory
Defeat
🇩🇪 Turks · Germany
1243
+14
🇹🇷 Berbers · Türkiye
1197
-14
Dragon
12:12 Feudal Age
15:23 Double-Bit Axe
17:51 Castle Age
16:03 Gold Mining
16:46 Horse Collar
22:41 Imperial Age
22:07 Padded Archer Armor
mercy
10:59 Feudal Age
9:15 Loom
14:55 Castle Age
12:53 Double-Bit Axe
13:19 Horse Collar
24:55 Wheelbarrow
24:50 Fletching
25:00 Padded Archer Armor
25:32 Bow Saw
26:04 Bodkin Arrow
27:31 Leather Archer Armor
31:38 Imperial Age
32:23 Imperial Age
Connection lost

Rejoining the realm…

Still unreachable

The connection could not be restored.

Session expired

The server has moved on; the page needs a fresh start.